 Dungeon Crawl Stone Soup version 0.24.1-8-ga250c9d538 (webtiles) character file.

Game seed: 10136151170977915694, levelgen mode: deterministic

877 Hugehornet the Martial Artist (level 8, 0/48 HPs)
             Began as an Octopode Transmuter on May 4, 2020.
             Was a Follower of Cheibriados.
             Slain by an orc warrior
             ... wielding a +0 long sword
              (12 damage)
             ... on level 4 of the Dungeon.
             The game lasted 00:11:11 (4411 turns).

Hugehornet the Martial Artist (Octopode Transmuter) Turns: 4411, Time: 00:11:11

Health: 0/48       AC:  2    Str: 12    XL:     8   Next: 4%
Magic:  7/12       EV: 20    Int: 19    God:    Cheibriados [*.....]
Gold:   202        SH:  0    Dex: 19    Spells: 3/13 levels left

rFire    . . .     SeeInvis .     - Unarmed
rCold    . . .     Gourm    .   (shield currently unavailable)
rNeg     . . .     Faith    .   (helmet currently unavailable)
rPois    .         Spirit   .   (no amulet)
rElec    .         Reflect  .   b - ring of poison resistance
rCorr    .         Harm     .   m - ring of wizardry
MR       ++...                  p - ring of protection from magic
Stlth    ++........             r - ring of protection from magic
HPRegen  0.16/turn              (no ring)
MPRegen  0.13/turn              (no ring)
                                (no ring)
                                (no ring)

@: spider-form (expiring), very slow
A: tiny, almost no armour, stealthy swim, (amphibious), 8 rings, (constrict 8)
a: End Transformation, Bend Time, Renounce Religion


You were on level 4 of the Dungeon.
You worshipped Cheibriados.
Cheibriados was aware of your devotion.
You were not hungry.
You were a venomous arachnid creature.
You visited 2 branches of the dungeon, and saw 6 of its levels.

You collected 202 gold pieces.

Inventory:

Missiles
 a - 37 arrows
Jewellery
 b - a ring of poison resistance (left front leg)
 m - a ring of wizardry (right front leg)
 p - a ring of protection from magic (on tentacle)
 r - a ring of protection from magic (on tentacle)
Wands
 j - a wand of clouds (5)
 k - a wand of polymorph (11)
Scrolls
 d - 2 scrolls of remove curse {unknown}
 e - 2 scrolls of blinking {unknown}
 h - 2 scrolls of teleportation {unknown}
 i - 4 scrolls of amnesia {unknown}
 o - a scroll of fear {unknown}
 q - a scroll of enchant weapon {unknown}
Potions
 f - a potion of flight
 g - a potion of invisibility
 l - 2 potions of curing
 n - 3 potions of heal wounds
 s - a potion of lignification {unknown}
 t - a potion of brilliance {unknown}
 u - a potion of berserk rage {unknown}
 v - a potion of haste {unknown}
Comestibles
 c - 7 rations
 w - 2 chunks of flesh


   Skills:
 - Level 1.1 Fighting
 - Level 2.0 Dodging
 - Level 8.0 Unarmed Combat
 + Level 3.1 Spellcasting
 - Level 4.1 Transmutations
 - Level 0.3 Poison Magic


You had 3 spell levels left.
You knew the following spells:

 Your Spells              Type           Power        Failure   Level  Hunger
a - Beastly Appendage     Tmut           ###...       4%          1    None
b - Sticks to Snakes      Tmut           ###.....     5%          2    ##.....
c - Spider Form           Tmut/Pois      ##........   16%         3    ###....
d - Ice Form              Ice/Tmut       ##......     41%         4    ####...

Your spell library contained the following spells:

 Spells                   Type           Power        Failure   Level  Hunger
 Blade Hands              Tmut           ###.......   45%         5    ######.


Dungeon Overview and Level Annotations

Branches:
Dungeon (5/15)             Temple (1/1) D:4

Altars:
Ashenzari
Cheibriados
Elyvilon
Fedhas
Gozag
Hepliaklqana
Qazlal
Ru
Sif Muna
Uskayaw
Wu Jian
Xom
Yredelemnul
Zin
The Shining One


Innate Abilities, Weirdness & Mutations

You cannot wear most types of armour.
You are very stealthy in the water. (Stealth+)
((You are amphibious.))
You can wear up to eight rings at the same time.
((You can use your tentacles to constrict eight enemies at once.))
((Your skin changes colour to match your surroundings (Stealth+).))
((Your rubbery body absorbs attacks. (AC +1, EV +1)))


Message History

Your Transmutations skill increases to level 4!
You have reached level 8!
You hit the orc warrior.
The orc warrior is poisoned.
The orc warrior is moderately wounded.
Your transformation is almost over.
The orc warrior hits you with a +0 long sword.
You bite the orc warrior!
The orc warrior is heavily wounded.
The orc warrior hits you with a +0 long sword!
* * * LOW HITPOINT WARNING * * *
You barely miss the orc warrior.
The orc warrior is heavily wounded.
You closely miss the orc warrior.
The orc warrior is heavily wounded.
The orc warrior closely misses you.
You hit the orc warrior but do no damage.
The orc warrior looks as sick as possible!
The orc warrior is heavily wounded.
The orc warrior hits you with a +0 long sword!
You die...

.......)#.# .#.
##.....#.# ...
#........# #.#
####......### #..
..........# #..# ###.#
######.### ..# ...o#
####.###### ..# #.#o#
#.......... #.#
#.#s######.#######.# #.#
#.#....>...# #)#
###.###......##### #.#
######.......####.# #†#
............## #.####
####.# ####.....#.#
##...# #..÷.. #.###..#.#
#.⌠.# #.##.# #.###.
##.#.######...#####.##.#
#.....
#.#.............##.##.#


You could see an orc warrior and an orc.

Vanquished Creatures
  Prince Ribbit (D:5)
  2 ogres (D:5)
  A bullfrog (D:3)
  2 scorpions (D:4)
  A hound (D:4)
  2 orc priests (D:3)
  An iguana (D:4)
  2 worker ants (D:4)
  7 gnolls
  6 adders
  An ooze (D:4)
  3 dart slugs
  2 leopard geckos
  6 orcs
  5 giant cockroaches
  8 goblins
  3 hobgoblins
  9 jackals
  2 kobolds
  2 quokkas (D:3)
  A ball python (D:2)
  A ball python skeleton (D:4)
  5 bats
  3 frilled lizards
  A leopard gecko zombie (D:5)
  3 rats
80 creatures vanquished.

Notes
Turn   | Place    | Note
-------+----------+-------------------------------------------
     0 | D:1      | Hugehornet the Octopode Transmuter began the quest for the
                  | Orb.
     0 | D:1      | Reached XP level 1. HP: 13/13 MP: 3/3
    31 | D:1      | Reached XP level 2. HP: 11/18 MP: 3/5
   304 | D:1      | Learned a level 2 spell: Sticks to Snakes
   635 | D:1      | Reached XP level 3. HP: 23/23 MP: 4/6
   640 | D:1      | Learned a level 3 spell: Spider Form
  1146 | D:2      | Reached skill level 4 in Unarmed Combat
  1153 | D:2      | Found a shimmering altar of Xom.
  1478 | D:3      | Reached XP level 4. HP: 28/28 MP: 7/7
  1756 | D:3      | Found a white marble altar of Elyvilon.
  1760 | D:3      | Reached skill level 5 in Unarmed Combat
  1845 | D:3      | Reached XP level 5. HP: 17/33 MP: 4/8
  2035 | D:3      | Reached skill level 6 in Unarmed Combat
  2250 | D:3      | HP: 1/33 [hobgoblin] (15)]
  2572 | D:3      | Reached XP level 6. HP: 32/38 MP: 6/9
  2744 | D:3      | You fall into a shaft and drop 2 floors!
  2744 | D:5      | Entered Level 5 of the Dungeon
  2845 | D:5      | Reached skill level 7 in Unarmed Combat
  2911 | D:5      | Noticed Prince Ribbit
  2914 | D:5      | Killed Prince Ribbit
  2914 | D:5      | Reached skill level 8 in Unarmed Combat
  2914 | D:5      | Reached XP level 7. HP: 8/43 MP: 8/10
  3231 | D:4      | Found a staircase to the Ecumenical Temple.
  3264 | Temple   | Entered the Ecumenical Temple
  3304 | Temple   | Became a worshipper of Cheibriados the Contemplative
  3829 | D:4      | Found an opulent altar of Gozag.
  3908 | D:4      | Learned a level 4 spell: Ice Form
  4308 | D:4      | Found a shattered altar of Ashenzari.
  4403 | D:4      | Reached * piety under Cheibriados
  4406 | D:4      | Reached XP level 8. HP: 33/48 MP: 6/12
  4411 | D:4      | Slain by an orc warrior

Levels and vault maps discovered:
D:1:      dpeg_arrival_arbitrary_c, layout_basic
D:2:      layout_loops_ring, xom_teletrap_fun
D:3:      layout_basic, elyvilon_altar_4
D:4:      layout_loops_ring, marbit_many_paths, kennysheep_mini,
          minmay_temple_entry_junction, minmay_misc_feat_iff,
          nicolae_gozag_seed_capital
D:5:      layout_loops_ring, grunt_temple_overflow_bloody_war, first_ration,
          serial_shops, shop_statue, serial_park_tiny_2, uniq_prince_ribbit1
Temple:   minmay_temple_forest_path

Skill      XL: |  1  2  3  4  5  6  7 |
---------------+----------------------+-----
Unarmed Combat | 4 5 6 8 |  8.0
Transmutations | 4 |  4.1
Spellcasting   | 3 |  3.1
Fighting       | |  1.1
Dodging        | |  2.0
Poison Magic   | |  0.3

Action                   |  1- 3 |  4- 6 |  7- 9 || total
-------------------------+-------+-------+-------++-------
Melee: Unarmed           |    56 |    65 |    70 ||   191
       Constrict         |    21 |    11 |     9 ||    41
       Kick              |    19 |     7 |     6 ||    32
       Tentacles         |     6 |     4 |     1 ||    11
       Punch             |       |       |     2 ||     2
 Cast: Beastly Appendage |    27 |    10 |     8 ||    45
       Spider Form       |       |    10 |     7 ||    17
       Sticks to Snakes  |       |       |     1 ||     1
  Use: Scroll            |       |     3 |     1 ||     4
 Stab: Sleeping          |     4 |     1 |     2 ||     7
  Eat: Chunk             |     2 |     6 |     3 ||    11
       Ration            |       |       |     1 ||     1
Armor: Skin              |     3 |     2 |     3 ||     8
Dodge: Dodged            |    53 |    34 |    41 ||   128
